 Dungeon Crawl Stone Soup version 0.30-a0-996-ga6910c8ee8 (webtiles) character file.

Game seed: 2537542027314987313

9 Orangeyouglad the Sneak (level 2, -2/24 HPs)
             Began as a Human Delver on Apr 5, 2023.
             Slain by a hound (4 damage)
             ... on level 6 of the Dungeon.
             The game lasted 00:00:36 (153 turns).

Orangeyouglad the Sneak (Human Delver)               Turns: 153, Time: 00:00:37

Health: -2/24      AC:  3    Str: 12    XL:     2   Next: 20%
Magic:  2/2        EV: 12    Int: 10    God:
Gold:   0          SH:  0    Dex: 14    Spells: 1/1 levels left

rFire   . . .      SeeInvis .    a - +0 spear
rCold   . . .      Faith    .    (no shield)
rNeg    . . .      Spirit   .    b - +0 leather armour
rPois   .          Reflect  .    (no helmet)
rElec   .          Rampage  .    (no cloak)
rCorr   .                        (no gloves)
Will    .....                    (no boots)
Stlth   +++                      (no amulet)
HPRegen 0.24/turn                (no ring)
MPRegen 0.08/turn                (no ring)

@: hasted, very quick
A: no striking features
a: no special abilities


You were on level 6 of the Dungeon.
You visited 1 branch of the dungeon, and saw 2 of its levels.

Inventory:

Hand Weapons
 a - a +0 spear (weapon)
Armour
 b - a +0 leather armour (worn)
Wands
 g - a wand of digging (3)
Scrolls
 c - a scroll of fog
 e - a scroll of fear
Potions
 h - a potion of curing {unknown}


   Skills:
 + Level 3.1 Fighting
 + Level 2.2 Polearms
 + Level 2.2 Dodging
 + Level 5.1 Stealth


You had one spell level left.
You didn't know any spells.
Your spell library was empty.

Dungeon Overview and Level Annotations

Branches:
Dungeon (6/15)
 Temple: D:4-7

Altars:


Message History

The adder misses you. The adder barely misses you.
You barely miss the adder.
The adder is severely wounded.
The adder bites you.
* * * LOW HITPOINT WARNING * * *
You hit the adder.
You kill the adder!
You have reached level 2!
You start resting.
HP restored.
As you read the scroll of magic mapping, it crumbles to dust.
You feel aware of your surroundings.
You sensed 1 altar.
A hound comes into view.
The hound bites you.
You hit the hound.
The hound is lightly wounded.
The hound bites you. x2
You hit the hound but do no damage.
The hound is lightly wounded.
The hound barely misses you.
You hit the hound.
The hound is lightly wounded.
The hound bites you. The hound misses you.
You barely miss the hound.
The hound is lightly wounded.
The hound stops to sniff the ground.
The hound bites you.
You barely miss the hound.
The hound is lightly wounded.
The hound misses you. The hound bites you.
You barely miss the hound.
The hound is lightly wounded.
The hound bites you.
* * * LOW HITPOINT WARNING * * *
You feel yourself speed up. The hound bites you.
* * * LOW HITPOINT WARNING * * *
The hound misses you.
An orc comes into view. It is wielding a +0 flail.
The hound bites you.
You die...

**,* #,* ##.#* *,*
*,****#.####...## *,*
*,,,,,,,...,..#.###** *,*
**********#.##.....,,* *,* *
###.#.#.#**,********,**
##########......##*,,,,,,,,,,,,*
.................#*,*******,*,,*
.......###.#####h#*,* *,,,,,*
######.# #.# #@#*,* *,,**,* *
#<# #.# **#.#*,******,,**,** *
#.# #.# *,...<,,,,,,,,,**,,, *
#.# #.# *.###.,,**,**,,***** *
*#.#*#.#*#o**,##*,*,**,,**,,,
*****...**..,.,,,,*
*,,,,,,,**,**
,,,,,...****##,**,***,*,***,**,*
*****...******,***,,,**,***,**,*
,,,,##...,,,,,,* **,,,,,,,,,,*,*


You could see a hound and an orc (asleep).

Vanquished Creatures
  An adder (D:6)
1 creature vanquished.

Notes
Turn   | Place    | Note
-------+----------+-------------------------------------------
     0 | D:5      | Orangeyouglad the Human Delver began the quest for the Orb.
     0 | D:5      | Reached XP level 1. HP: 18/18 MP: 1/1
    21 | D:5      | Noticed an orc wizard
    45 | D:6      | Reached XP level 2. HP: 3/24 MP: 2/2
   153 | D:6      | Slain by a hound

Illustrated notes

Levels and vault maps discovered:
D:5:      layout_loops_ring, minitemple, uniq_sigmund, uniq_grinder, uniq_pikel
D:6:      layout_loops_ring, mainiacjoe_overflow_surrounded_room,
          minmay_mini_ossuary, uniq_prince_ribbit1, uniq_blork_the_orc

Action                     || total
---------------------------++-------
  Melee: Spear             ||    12
         Punch             ||     1
    Use: Scroll            ||     1
         Potion            ||     1
 Armour: Leather armour    ||     1
  Dodge: Dodged            ||    12

Table legend: (Time is in decaauts)
 A = Elapsed time spent in this place.
 B = Non-inter-level travel time spent in this place.
 C = Inter-level travel time spent in this place.
 D = Time resting spent in this place.
 E = Time spent auto-exploring this place.
 F = Levels seen in this place.
 G = Mean time per level.
                   A        B        C        D        E       F      G
               +--------+--------+--------+--------+--------+-----+--------+
         Total |    152 |    152 |      0 |     88 |      0 |   2 |   76.0 |
       Dungeon |    152 |    152 |      0 |     88 |      0 |   2 |   76.0 |
               +--------+--------+--------+--------+--------+-----+--------+

Top non-repeatable levels by time:
     D:6: 114 daAuts
     D:5: 38 daAuts
